 Seeded DCSS version 0.30.1-9-gdf580d7c3d (webtiles) character file.

Game seed: 6351066067085065685 (custom seed)

3336 Esekla the Thaumaturge (level 9, -3/45 HPs)
             Began as a Deep Elf Wanderer on Oct 22, 2023.
             Was an Elder of Vehumet.
             Engulfed by a cloud of flame (13 damage)
             ... on level 8 of the Dungeon.
             The game lasted 00:57:37 (6293 turns).

Esekla the Thaumaturge (Deep Elf Wanderer)          Turns: 6293, Time: 00:57:38

Health: -3/45      AC:  5    Str: 11    XL:     9   Next: 72%
Magic:  19/27      EV: 13    Int: 23    God:    Vehumet [****..]
Gold:   444        SH:  4    Dex: 14    Spells: 17/32 levels left

rFire   . . .        s - +5 rapier of the Hero {heavy, rN+ Dex+3}
rCold   . . .        d - +0 buckler
rNeg    + . .        J - +0 robe
rPois   .            k - +0 helmet
rElec   .            E - +0 cloak
rCorr   .            j - +0 pair of gloves
SInv    .            (no boots)
Will    .....        A - amulet of magic regeneration
Stlth   +++          (no ring)
HPRegen 0.27/turn    (no ring)
MPRegen 0.60/turn

%: no passive effects
@: on blink cooldown
A: no striking features
a: Renounce Religion


You were on level 8 of the Dungeon.
You worshipped Vehumet.
Vehumet was greatly pleased with you.
You visited 1 branch of the dungeon, and saw 8 of its levels.

You collected 444 gold pieces.

Inventory:

Hand Weapons
 a - a +2 vampiric dagger
 c - a +4 scimitar
 r - a +4 trident of venom
 s - the +5 rapier of the Hero (weapon) {heavy, rN+ Dex+3}
   (You found it on level 3 of the Dungeon)

   Dex:       It affects your dexterity (+3).
   rN:        It protects you from negative energy.
Missiles
 u - 27 poisoned darts (quivered)
 K - 5 curare-tipped darts
Armour
 d - a +0 buckler (worn)
 j - a +0 pair of gloves (worn)
 k - a +0 helmet (worn)
 E - a +0 cloak (worn)
 J - a +0 robe (worn)
Jewellery
 A - an amulet of magic regeneration (around neck)
Wands
 p - a wand of roots (20)
 C - a wand of flame (13)
 G - a wand of mindburst (9)
Scrolls
 g - 7 scrolls of identify {unknown}
 m - a scroll of enchant armour {unknown}
 n - 2 scrolls of amnesia {unknown}
 o - a scroll of immolation {unknown}
 v - 2 scrolls of fog {unknown}
 w - 5 scrolls of blinking {unknown}
 x - 3 scrolls of enchant weapon {unknown}
 y - a scroll of silence {unknown}
 z - a scroll of magic mapping {unknown}
 B - a scroll of summoning {unknown}
 D - 2 scrolls of fear
 F - 2 scrolls of poison {unknown}
 H - 2 scrolls of teleportation {unknown}
 I - 3 scrolls of noise {unknown}
 L - a scroll of torment {unknown}
Potions
 b - 2 potions of lignification
 e - 3 potions of ambrosia {unknown}
 f - 6 potions of attraction {unknown}
 h - a potion of heal wounds
 i - 6 potions of curing
 l - a potion of mutation {unknown}
 q - 2 potions of haste {unknown}
 t - 3 potions of brilliance {unknown}


   Skills:
 + Level 1.8 Short Blades
 + Level 0.5 Throwing
 * Level 5.6 Dodging
 + Level 4.3 Stealth
 + Level 2.2 Shields
 * Level 12.1 Spellcasting
 * Level 5.2 Conjurations
 * Level 6.3 Necromancy
 + Level 3.5 Translocations
 * Level 1.7 Transmutations
 * Level 0.9 Fire Magic
 * Level 0.2 Air Magic
 * Level 1.6 Poison Magic
 + Level 1.0 Invocations
 + Level 0.1 Evocations


You had 17 spell levels left.
You knew the following spells:

 Your Spells              Type           Power      Damage    Failure   Level
a - Magic Dart            Conj           100%       1d8       1%          1
b - Blink                 Tloc           60%        N/A       2%          2
c - Mephitic Cloud        Conj/Pois/Air  24%        N/A       2%          3
d - Vampiric Draining     Necr           43%        2d9       1%          3
e - Searing Ray           Conj           74%        2d7       1%          2
n - Ignite Poison         Fire/Tmut/Pois 20%        N/A       3%          3
p - Apportation           Tloc           60%        N/A       1%          1

Your spell library contained the following spells:

 Spells                   Type           Power      Damage    Failure   Level
 Lesser Beckoning         Tloc           60%        N/A       2%          2
 Gell's Gravitas          Tloc           30%        N/A       4%          3
 Teleport Other           Tloc           30%        N/A       4%          3
 Spider Form              Tmut/Pois      21%        N/A       10%         3
 Cause Fear               Hex            7%         N/A       54%         4
 Summon Mana Viper        Hex/Summ       14%        N/A       87%         5


Dungeon Overview and Level Annotations

Branches:
Dungeon (8/15)             Temple (0/1) D:6
   Lair: D:8-11

Altars:
Dithmenos
Fedhas
Hepliaklqana
Okawaru
Qazlal
Trog
Vehumet
Zin
The Shining One

Shops:
D:2 =   D:4 (


Message History

The stinking cloud engulfs the two-headed ogre but does no damage.
The two-headed ogre is lightly wounded.
You hear an angry hiss.
The two-headed ogre is engulfed in noxious fumes.
The two-headed ogre appears confused.
Throw: 28 darts (poison)
Press: ? - help, Q - select action, (/) - cycle Shift-Dir - straight line, f - two-headed ogre
Aim: a two-headed ogre, wielding two +0 giant clubs (noxious fumes, lightly wounded, confused, 85% to hit)
Okay, then.
Casting: Mephitic Cloud (dangerous; 2% risk of failure)
Confirm with . or Enter, or press ? or * to list all spells.
You ignite the poison in your surroundings!
The two-headed ogre is engulfed in blazing flames.
Throw: 28 darts (poison)
Press: ? - help, Q - select action, (/) - cycle Shift-Dir - straight line, f - two-headed ogre
Aim: a two-headed ogre, wielding two +0 giant clubs (flame, heavily wounded, confused, 85% to hit)
You throw a poisoned dart.
The poisoned dart barely misses the two-headed ogre.
The two-headed ogre is engulfed in blazing flames.
You barely miss the two-headed ogre.
The two-headed ogre is severely wounded.
The two-headed ogre misses you.
The two-headed ogre hits you with a +0 giant club!!
The two-headed ogre barely misses itself.
The two-headed ogre hits itself with a +0 giant club!
Casting: Ignite Poison (dangerous; 3% risk of failure)
Confirm with . or Enter, or press ? or * to list all spells.
You blink.
You are engulfed in blazing flames.
* * * LOW HITPOINT WARNING * * *
Casting: Blink (safe; 2% risk of failure)
Confirm with . or Enter, or press ? or * to list all spells.
Aiming: Searing Ray (safe; 1% risk of failure)
Press: ? - help, Shift-Dir - straight line, f/p - two-headed ogre
Aim: a two-headed ogre, wielding two +0 giant clubs (almost dead, confused, 98% to hit)
The searing ray hits the two-headed ogre!
You kill the two-headed ogre!
Vehumet accepts your kill. (Press . to maintain the ray.)
You are engulfed in blazing flames.
You die...

#######(#..............#.........
#.....##♣P♣......#....###..
#####.# ###........)))))...
#....## #.........#.####.
#.##..####......∩.........
#.#...§.##............##..
#.##.##)##.........##.#...
#.##.##.°°###...##.. .#...
#.##.####@# ######.######. #.##.#
#.# #.# #. #.##.# #)# #. #.....
#)# #. #)# . .8....)...#
...8..)##.... .o..o.. ##..#
.o..8.. .#


There were no monsters in sight!

Vanquished Creatures
  A two-headed ogre (D:8)
  Pikel (D:6)
  A wyvern (D:7)
  Menkaure (D:7)
  An ice beast (D:6)
  A sky beast (D:6)
  2 black bears
  2 ogres
  A centaur (D:7)
  A phantom (D:7)
  Blork the orc (D:6)
  2 kobold brigands
  2 gnoll sergeants
  A bullfrog (D:7)
  2 scorpions (D:5)
  3 wights (D:7)
  2 quasits (D:8)
  2 gnoll boudas
  5 hounds
  A jelly (D:6)
  Crazy Yiuf (D:7)
  4 orc priests (D:8)
  A sleepcap (D:5)
  5 iguanas
  5 orc wizards
  22 gnolls
  9 adders
  3 shadow imps (D:8)
  6 white imps
  4 ufetubi
  A worm (D:4)
  3 dart slugs
  34 orcs
  4 endoplasms
  7 goblins
  5 hobgoblins
  A quokka (D:1)
  6 ball pythons
  3 bats
  4 frilled lizards
  14 kobolds
  A rat (D:2)
176 creatures vanquished.

Notes
Turn   | Place    | Note
-------+----------+-------------------------------------------
     0 | D:1      | Esekla the Deep Elf Wanderer began the quest for the Orb.
     0 | D:1      | Esekla set off with the following items: a +0 club, a
                  | potion of lignification, a +0 robe, a +0 buckler; and the
                  | following spells available to memorise: Apportation, Blink,
                  | Lesser Beckoning, Magic Dart, Ignite Poison, Vampiric
                  | Draining.
     0 | D:1      | Reached XP level 1. HP: 10/10 MP: 7/7
     2 | D:1      | Learned a level 1 spell: Magic Dart
     4 | D:1      | Learned a level 1 spell: Apportation
   408 | D:4      | Found a radiant altar of Vehumet.
   416 | D:4      | Found an iron altar of Okawaru.
   427 | D:4      | Found a glowing silver altar of Zin.
   511 | D:4      | Became a worshipper of Vehumet
   698 | D:3      | Reached XP level 2. HP: 15/15 MP: 6/9
   701 | D:3      | Learned a level 2 spell: Blink
   835 | D:3      | Reached skill level 1 in Dodging
   882 | D:3      | Identified the +5 rapier of the Hero {heavy, rN+ Dex+3}
                  | (You found it on level 3 of the Dungeon)
   907 | D:2      | Found Renulab's Jewellery Shop.
   985 | D:2      | Reached skill level 1 in Necromancy
  1184 | D:1      | Reached skill level 5 in Spellcasting
  1201 | D:1      | Reached XP level 3. HP: 13/19 MP: 7/11
  1205 | D:1      | Learned a level 3 spell: Vampiric Draining
  1234 | D:1      | Reached * piety under Vehumet
  1234 | D:1      | Offered knowledge of Sandblast by Vehumet.
  1571 | D:2      | Found a faded altar of an unknown god.
  1613 | D:2      | Reached XP level 4. HP: 23/24 MP: 4/13
  1804 | D:2      | Noticed a black bear
  1882 | D:2      | You fall into a shaft and drop 1 floor!
  2266 | D:3      | Found a stormy altar of Qazlal.
  2304 | D:3      | Reached XP level 5. HP: 19/28 MP: 5/15
  2382 | D:3      | Found a bloodstained altar of Trog.
  2385 | D:3      | Found a hazy altar of Hepliaklqana.
  2525 | D:4      | Found Ponaysk's Antique Weapon Boutique.
  2717 | D:5      | Entered Level 5 of the Dungeon
  2721 | D:5      | Got the Parchment of the Lumpy Olives
  2743 | D:5      | Found a shadowy altar of Dithmenos.
  2795 | D:5      | Reached skill level 6 in Spellcasting
  2818 | D:5      | Reached skill level 1 in Short Blades
  2846 | D:5      | Reached skill level 1 in Conjurations
  2846 | D:5      | Reached XP level 6. HP: 30/32 MP: 15/17
  3056 | D:4      | Offered knowledge of Searing Ray by Vehumet.
  3060 | D:4      | Learned a level 2 spell: Searing Ray
  3162 | D:4      | Reached ** piety under Vehumet
  3173 | D:4      | Found a glowing golden altar of the Shining One.
  3275 | D:5      | Reached skill level 7 in Spellcasting
  3473 | D:2      | Reached XP level 7. HP: 35/36 MP: 11/19
  3788 | D:5      | Reached skill level 8 in Spellcasting
  4000 | D:6      | Noticed Blork the orc
  4097 | D:6      | Killed Blork the orc
  4098 | D:6      | Reached XP level 8. HP: 22/41 MP: 15/22
  4220 | D:7      | Found a runed translucent door.
  4221 | D:7      | Noticed Crazy Yiuf
  4228 | D:7      | Killed Crazy Yiuf
  4271 | D:7      | Reached skill level 9 in Spellcasting
  4433 | D:7      | Offered knowledge of Volatile Blastmotes by Vehumet.
  4484 | D:7      | Noticed Menkaure
  4493 | D:7      | Killed Menkaure
  4788 | D:7      | Reached skill level 10 in Spellcasting
  5043 | D:6      | Found a staircase to the Ecumenical Temple.
  5051 | D:6      | Reached skill level 5 in Necromancy
  5266 | D:6      | Reached skill level 5 in Dodging
  5279 | D:6      | Found a blossoming altar of Fedhas.
  5405 | D:6      | Reached XP level 9. HP: 45/45 MP: 21/25
  5628 | D:6      | Noticed Pikel
  5646 | D:6      | Killed Pikel
  5647 | D:6      | Reached skill level 11 in Spellcasting
  5769 | D:7      | Learned a level 3 spell: Ignite Poison
  5820 | D:7      | Reached skill level 12 in Spellcasting
  5890 | D:8      | Reached *** piety under Vehumet
  5965 | D:8      | Offered knowledge of Mephitic Cloud by Vehumet.
  5966 | D:8      | Reached skill level 1 in Poison Magic
  5980 | D:7      | Learned a level 3 spell: Mephitic Cloud
  5993 | D:8      | Reached skill level 5 in Conjurations
  6143 | D:8      | Reached skill level 1 in Transmutations
  6276 | D:8      | Reached **** piety under Vehumet
  6279 | D:8      | Noticed a two-headed ogre
  6293 | D:8      | Killed a two-headed ogre
  6293 | D:8      | Engulfed by a cloud of flame

Illustrated notes

Levels and vault maps discovered:
D:1:      sevenhm_arrival_forest_fort_small_3, layout_rooms,
          chequers_serial_rivers_room_b, minmay_misc_feat_five
D:2:      layout_loops_ring, dreamdust_ecumenical_altar_angels_and_demons,
          serial_shops, shop
D:3:      layout_basic, grunt_temple_overflow_open, minmay_misc_feat_iff
D:4:      layout_basic, nicolae_overflow_quartered_altars, serial_shops,
          nicolae_diamond_shop
D:5:      layout_loops_ring, lemuel_doored_altar, minmay_misc_feat_rows,
          dreamdust_wishing_well
D:6:      layout_loops_cross, fedhas_altar_fruit_tree,
          minmay_temple_entry_glass, uniq_pikel, uniq_blork_the_orc
D:7:      layout_basic, uniq_menkaure, uniq_joseph, uniq_crazy_yiuf_cottage
D:8:      layout_basic, nicolae_uskayaw_dance_hall, serial_demonic,
          serial_demonic_d, serial_demonic_a, serial_demonic_c,
          serial_demonic_c, nicolae_diode_quadrants

Skill      XL: |  1  2  3  4  5  6  7  8  9 |
---------------+----------------------------+-----
Dodging        | 1 2 3 5 |  5.6
Necromancy     | 1 2 3 5 6 |  6.3
Spellcasting   | 5 6 7 8 10 12 | 12.1
Stealth        | 2 3 4 |  4.3
Short Blades   | 1 |  1.8
Conjurations   | 1 2 3 4 5 |  5.2
Shields        | 2 |  2.2
Translocations | 3 |  3.5
Poison Magic   | 1 |  1.6
Transmutations | 1 |  1.7
Throwing       | |  0.5
Fire Magic     | |  0.9
Air Magic      | |  0.2
Invocations    | |  1.0
Evocations     | |  0.1

Action                     |  1- 3 |  4- 6 |  7- 9 || total
---------------------------+-------+-------+-------++-------
  Melee: Short sword       |    12 |       |       ||    12
         Rapier            |    31 |    57 |    38 ||   126
         Dagger            |       |     4 |     9 ||    13
  Throw: Dart              |       |     3 |    23 ||    26
   Cast: Apportation       |    31 |    11 |    37 ||    79
         Magic Dart        |    39 |    44 |    14 ||    97
         Vampiric Draining |     2 |    13 |    27 ||    42
         Searing Ray       |       |     6 |    60 ||    66
         Blink             |       |     1 |     3 ||     4
         Mephitic Cloud    |       |       |     4 ||     4
         Ignite Poison     |       |       |     4 ||     4
  Evoke: Wand              |       |       |     5 ||     5
    Use: Scroll            |     1 |       |       ||     1
         Potion            |       |       |     2 ||     2
   Stab: Sleeping          |     4 |     9 |     3 ||    16
         Confused          |       |       |     2 ||     2
 Armour: Robe              |    30 |    16 |    36 ||    82
  Dodge: Dodged            |    33 |    38 |   100 ||   171
  Block: Buckler           |    16 |    21 |    43 ||    80
